 Dungeon Crawl Stone Soup version 0.30-a0-723-gc1506a1cf0 (webtiles) character file.

Game seed: 9345550863731150689

1807 jimonade the Slicer (level 9, -8/42 HPs)
             Began as a Vine Stalker Brigand on Jan 28, 2023.
             Mangled by a gnoll
             ... wielding a +2 halberd of protection
             ... led by a gnoll bouda
              (9 damage)
             ... on level 7 of the Dungeon.
             The game lasted 00:18:32 (5304 turns).

jimonade the Slicer (Vine Stalker Brigand)          Turns: 5304, Time: 00:18:32

Health: -8/42      AC: 11    Str: 14    XL:     9   Next: 9%
Magic:  0/13       EV: 12    Int: 11    God:
Gold:   151        SH:  0    Dex: 20    Spells: 12/12 levels left

rFire   . . .      SeeInvis .    b - +1 dagger (venom)
rCold   + . .      Faith    .    (no shield)
rNeg    . . .      Spirit   +    m - +0 leather armour of Hairiness {rC+}
rPois   .          Reflect  .    C - +2 helmet
rElec   .          Harm     .    G - +2 cloak {Stlth+}
rCorr   .          Rampage  .    y - +1 pair of gloves
Will    .....                    (no boots)
Stlth   ++++                     (no amulet)
HPRegen 1.07/turn                (no ring)
MPRegen 0.13/turn                (no ring)

@: lethally poisoned (-8 -> -12), about to teleport, weak-willed, weakened
A: fangs 3, regeneration 1, magic shield, antimagic bite, no potion heal 2
a: no special abilities


You were on level 7 of the Dungeon.
You visited 1 branch of the dungeon, and saw 7 of its levels.

You collected 387 gold pieces.
You spent 236 gold pieces at shops.

Inventory:

Hand Weapons
 a - a +2 dagger
 b - a +1 dagger of venom (weapon)
 r - a +0 quarterstaff
Missiles
 d - 16 poisoned darts (quivered)
 e - 3 curare-tipped darts
 v - 4 boomerangs
Armour
 c - a +0 cloak
 j - a +0 leather armour
 m - the +0 leather armour of Hairiness (worn) {rC+}
   (You found it on level 6 of the Dungeon)

   rC:        It protects you from cold.
 u - a +0 helmet
 x - the +2 robe of Hangman {Fly rF+ Stlth-}
   (You found it on level 3 of the Dungeon)

   rF:        It protects you from fire.
   Fly:       It grants you flight.
   Stlth:     It makes you less stealthy.
 y - a +1 pair of gloves (worn)
 z - a +0 chain mail
 C - a +2 helmet (worn)
 G - a +2 cloak of stealth (worn)
Wands
 k - a wand of paralysis (7)
 F - a wand of iceblast (11)
Scrolls
 h - 11 scrolls of identify
 i - a scroll of fog
 l - 5 scrolls of amnesia
 o - 2 scrolls of magic mapping
 w - 3 scrolls of noise
 B - 2 scrolls of teleportation
 H - 2 scrolls of enchant weapon {unknown}
Potions
 g - 2 potions of mutation {unknown}
 n - 3 potions of curing
 s - a potion of brilliance {unknown}
 t - 3 potions of heal wounds {unknown}
 A - 2 potions of cancellation {unknown}
 D - 5 potions of lignification {unknown}
 I - a potion of berserk rage {unknown}
 J - a potion of haste {unknown}


   Skills:
 + Level 2.2 Fighting
 - Level 10.0 Short Blades
 - Level 1.7 Throwing
 + Level 1.5 Dodging
 + Level 5.8 Stealth
 * Level 2.0 Spellcasting


You had 12 spell levels left.
You didn't know any spells.
Your spell library contained the following spells:

 Spells                   Type           Power      Damage    Failure   Level
 Scorch                   Fire           2%         2d5       50%         2
 Hailstorm                Conj/Ice       1%         3d3       73%         3
 Flame Wave               Conj/Fire      1%         2d4       98%         4
 Ice Form                 Ice/Tmut       1%         N/A       98%         4
 Simulacrum               Ice/Necr       0%         N/A       100%        6
 Summon Cactus Giant      Summ           0%         N/A       100%        6


Dungeon Overview and Level Annotations

Branches:
Dungeon (7/15)             Temple (0/1) D:7

Altars:

Shops:
D:1 *?!*(   D:3 *   D:4 [

Annotations:
D:4 2 runed translucent doors


Innate Abilities, Weirdness & Mutations

You have razor-sharp teeth.
Your natural rate of healing is unusually fast.
When hurt, damage is shared between your health and your magic reserves.
Your bite disrupts and absorbs the magic of your enemies.
Potions cannot restore your health.


Message History

The creatures around you are filled with an inner flame!
It was a scroll of immolation.
You feel sick. The killer bee stings you.
* * * LOW HITPOINT WARNING * * *
You are more poisoned.
The killer bee poisons you!
The killer bee stings you but does no damage.
The gnoll hits you from afar with a +2 halberd of protection.
* * * LOW HITPOINT WARNING * * *
The killer bee closely misses you.
The killer bee stings you but does no damage.
Okay, then.
As you read the scroll labelled MOONEA UTEU, it crumbles to dust.
You assume a fearsome visage.
The gnoll looks frightened!
The killer bee looks frightened! x2; It was a scroll of fear.
You feel sick.
As you read the scroll labelled ROHERE RUEPI, it crumbles to dust.
You hear a loud clanging noise!
It was a scroll of noise.
You feel sick.
You hear an angry hiss.
The killer bee stings you.
* * * LOW HITPOINT WARNING * * *
Cornered, the gnoll turns to fight!
The killer bee stings you but does no damage.
As you read the scroll labelled OCWUERHUESO, it crumbles to dust.
You feel strangely unstable.
It was a scroll of teleportation.
You feel sick. The killer bee misses you. The killer bee closely misses you.
The gnoll hits you from afar with a +2 halberd of protection.
* * * LOW HITPOINT WARNING * * *
The killer bee stings you but does no damage.
The killer bee stings you.
* * * LOW HITPOINT WARNING * * *
You are lethally poisoned!
The killer bee poisons you!
As you read the scroll labelled QAES CANGOC, it crumbles to dust.
Magic quickly surges around you.
It was a scroll of vulnerability.
* * * LOW HITPOINT WARNING * * *
You feel very sick.
The killer bee stings you but does no damage.
The killer bee misses you.
The gnoll hits you from afar with a +2 halberd of protection!
You die...

#...#...................F#,,,+..
#...#####.......(.....?F.',,.#..
#...'...+...............S#,,..#*
#...#...#....o...........###..#
##..#####..go......######F....#
##..###.....{{######....#.....#
#.....#.....gg#§§§......#.....#
#.....#......Tyy§§......#.....#
#.....'.....§§#@§§......+.....#
#######.......###########.....#
######### #######


You could see a troll (weak-willed), 2 killer bees and a gnoll (inner flame,
swift, weak-willed).

Vanquished Creatures
  A wyvern (D:7)
  Edmund (D:5)
  A black bear (D:6)
  An orc warrior (D:6)
  An ice beast (D:5)
  3 ogres
  A centaur (D:6)
  A phantom (D:6)
  A bullfrog (D:7)
  3 scorpions
  A killer bee (D:7)
  2 hounds
  6 orc priests
  A jelly (D:6)
  An iguana (D:6)
  Natasha (twice) (D:2)
  2 orc wizards
  Robin (D:2)
  4 adders
  2 shadow imps (D:4)
  2 white imps (D:4)
  An ufetubus (D:4)
  3 dart slugs
  20 orcs
  8 ball pythons
  9 endoplasms
  6 giant cockroaches
  14 goblins
  9 hobgoblins
  5 quokkas
  9 bats
  A frilled lizard (D:1)
  9 kobolds
  6 rats
138 creatures vanquished.

Vanquished Creatures (others)
  6 demonic plants (D:4)
6 creatures vanquished.

Grand Total: 144 creatures vanquished

Notes
Turn   | Place    | Note
-------+----------+-------------------------------------------
     0 | D:1      | jimonade the Vine Stalker Brigand began the quest for the
                  | Orb.
     0 | D:1      | Reached XP level 1. HP: 11/11 MP: 2/2
    45 | D:1      | Found Zoadar's Antique Weapon Shoppe.
    74 | D:1      | Reached skill level 2 in Short Blades
   148 | D:1      | Found Jacaurgh's General Store.
   182 | D:1      | Reached XP level 2. HP: 15/15 MP: 3/3
   198 | D:1      | Found Lauquiz's Magic Scroll Boutique.
   384 | D:1      | Found Madem's Assorted Antiques.
   428 | D:1      | Reached skill level 3 in Short Blades
   432 | D:1      | Reached XP level 3. HP: 16/18 MP: 2/4
   551 | D:1      | Found Ashaumir's Distillery.
  1153 | D:2      | Gained mutation: Your natural rate of healing is unusually
                  | fast. [Vine Stalker growth]
  1153 | D:2      | Reached XP level 4. HP: 4/23 MP: 5/5
  1429 | D:2      | Reached skill level 4 in Short Blades
  1502 | D:2      | Noticed Natasha
  1512 | D:2      | Killed Natasha
  1648 | D:2      | Noticed Robin
  1663 | D:2      | Killed Robin
  1664 | D:2      | Reached XP level 5. HP: 26/26 MP: 4/6
  2005 | D:3      | Found Tuyhes's General Store.
  2047 | D:3      | Reached skill level 5 in Short Blades
  2050 | D:3      | Identified the +2 robe of Hangman {Fly rF+ Stlth-}
  2560 | D:4      | Reached XP level 6. HP: 26/30 MP: 5/7
  2775 | D:4      | Reached skill level 6 in Short Blades
  2881 | D:4      | Found a large runed translucent door.
  2897 | D:4      | Found a large runed translucent door.
  3005 | D:4      | Found Bemonehi's Antique Armour Shop.
  3378 | D:1      | Bought a +2 cloak of stealth for 236 gold pieces
  3475 | D:2      | Noticed Natasha
  3482 | D:2      | Killed Natasha
  3660 | D:5      | Entered Level 5 of the Dungeon
  3662 | D:5      | Reached XP level 7. HP: 34/34 MP: 8/8
  3760 | D:5      | Reached skill level 7 in Short Blades
  3890 | D:5      | Noticed Edmund
  3900 | D:5      | Killed Edmund
  3932 | D:5      | You fall into a shaft and drop 1 floor!
  4022 | D:6      | Reached skill level 8 in Short Blades
  4022 | D:6      | Gained mutation: You have razor-sharp teeth. [Vine Stalker
                  | growth]
  4022 | D:6      | Reached XP level 8. HP: 38/38 MP: 9/9
  4656 | D:6      | Reached skill level 9 in Short Blades
  5009 | D:6      | Identified the +0 leather armour of Hairiness {rC+}
  5079 | D:6      | Reached skill level 10 in Short Blades
  5260 | D:7      | Noticed a wyvern
  5274 | D:7      | Killed a wyvern
  5275 | D:7      | Reached skill level 1 in Dodging
  5275 | D:7      | Reached skill level 5 in Stealth
  5275 | D:7      | Reached skill level 1 in Spellcasting
  5281 | D:7      | Reached XP level 9. HP: 37/42 MP: 10/12
  5285 | D:7      | Noticed a troll
  5304 | D:7      | HP: 1/42 [poisoned by a killer bee]
  5304 | D:7      | Mangled by a gnoll

Illustrated notes

Levels and vault maps discovered:
D:1:      minmay_arrival_nine_rooms, layout_loops_cross, serial_shops, shop,
          nicolae_shop_statue_plus, shop, shop, shop
D:2:      layout_basic, wad_floor_pattern_1, minmay_pentomino_z2, uniq_robin,
          uniq_natasha
D:3:      layout_basic, serial_shops, shop
D:4:      layout_loops_ring, jmf_multi_god_temple2, serial_demonic,
          serial_demonic_f, serial_demonic_e, serial_demonic_e,
          serial_demonic_c, serial_shops, shop
D:5:      layout_basic, minmay_chambers_of_fives, uniq_edmund
D:6:      layout_loops_corners
D:7:      layout_gridville, temple_statues, serial_shops, shop, minmay_circle_x

Skill      XL: |  1  2  3  4  5  6  7  8  9 |
---------------+----------------------------+-----
Short Blades   | 2 3 4 5 6 8 10 | 10.0
Fighting       | 2 |  2.2
Dodging        | 1 |  1.5
Stealth        | 5 |  5.8
Spellcasting   | 1 2 |  2.0
Throwing       | |  1.7

Action                     |  1- 3 |  4- 6 |  7- 9 || total
---------------------------+-------+-------+-------++-------
  Melee: Dagger            |    49 |   189 |   150 ||   388
         Bite              |    19 |    51 |    46 ||   116
         Short sword       |    27 |     3 |       ||    30
         Punch             |       |     1 |     1 ||     2
  Throw: Dart              |       |     5 |       ||     5
    Use: Scroll            |       |       |     9 ||     9
   Stab: Sleeping          |     9 |    13 |     7 ||    29
         Distracted        |       |     1 |       ||     1
 Armour: Robe              |     9 |       |       ||     9
         Leather armour    |    10 |    50 |    43 ||   103
  Dodge: Dodged            |    27 |    76 |    57 ||   160

Table legend: (Time is in decaauts)
 A = Elapsed time spent in this place.
 B = Non-inter-level travel time spent in this place.
 C = Inter-level travel time spent in this place.
 D = Time resting spent in this place.
 E = Time spent auto-exploring this place.
 F = Levels seen in this place.
 G = Mean time per level.
                   A        B        C        D        E       F      G
               +--------+--------+--------+--------+--------+-----+--------+
         Total |   5175 |   4859 |    316 |     41 |   3155 |   7 |  739.3 |
       Dungeon |   5175 |   4859 |    316 |     41 |   3155 |   7 |  739.3 |
               +--------+--------+--------+--------+--------+-----+--------+

Top non-repeatable levels by time:
     D:6: 1196 daAuts
     D:4: 1023 daAuts
     D:2: 1010 daAuts
     D:1: 933 daAuts
     D:3: 634 daAuts
     D:5: 268 daAuts
     D:7: 109 daAuts
